 Dungeon Crawl Stone Soup version 0.17-a0-1554-g3b847ca (webtiles) character file.

13 Gorice the Covered (level 2, -2/18 HPs)
             Began as a Tengu Wanderer on July 19, 2015.
             Slain by a hobgoblin
             ... wielding a +0 club
              (3 damage)
             ... on level 1 of the Dungeon.
             The game lasted 00:03:15 (454 turns).

Gorice the Covered (Tengu Wanderer)                  Turns: 454, Time: 00:03:15

Health: -2/18      AC:  2    Str: 11    XL:     2   Next: 37%
Magic:  6/6        EV: 11    Int: 12    God:
Gold:   10         SH:  0    Dex: 14    Spells: 0 memorised, 5 levels left

rFire  . . .     SeeInvis .     a - +2 dagger
rCold  . . .     Clarity  .     e - +0 robe
rNeg   . . .     SustAt   .     (no shield)
rPois  .         Gourm    .     (helmet restricted)
rElec  .         Spirit   .     (no cloak)
rCorr  .         Warding  .     (no gloves)
rMut   .         Stasis   .     (boots unavailable)
MR     .....                    (no amulet)
Stlth  ++........               (no ring)
                                (no ring)

@: not resistant to hostile enchantments, unstealthy
A: beak, talons 3
a: no special abilities


You were on level 1 of the Dungeon.
You were not hungry.

You visited 1 branch of the dungeon, and saw 1 of its levels.

You collected 10 gold pieces.

Inventory:

Hand weapons
 a - a +2 dagger (weapon)
 k - a +0 short sword
Missiles
 g - 19 arrows
 Z - 57 stones (quivered)
Armour
 e - a +0 robe (worn)
Jewellery
 i - an uncursed ring of see invisible {unknown}
Scrolls
 b - a scroll of blinking
 m - 2 scrolls of identify {unknown}
Potions
 d - a potion of lignification {!q}
 l - a potion of invisibility {unknown}
Books
 c - Qegiegha's Grimoire of Flying Protection

   Spells                             Type                      Level
   a - Repel Missiles                 Charms/Air                   2
   b - Swiftness                      Charms/Air                   2
Comestibles
 f - a bread ration {!e}
 h - 8 chunks of flesh
 j - a slice of pizza


   Skills:
 * Level 2.3 Fighting
   Level 1.1 Axes
 - Level 3.2 Armour
 - Level 1.0 Stealth
   Level 1.0 Shields
 - Level 2.0 Spellcasting
   Level 1.3 Air Magic


You had 5 spell levels left.
You didn't know any spells.

Dungeon Overview and Level Annotations

Branches:
Dungeon (1/15)

Altars:


Innate Abilities, Weirdness & Mutations

You have a beak for a mouth.
You have claws for feet.


Message History

The goblin is heavily wounded.
You hit the goblin but do no damage.
The goblin is heavily wounded.
The goblin hits you but does no damage.
You hit the goblin.
You kill the goblin!
Things that are here:
a club; a goblin corpse; a bat corpse Butcher a goblin corpse? [(y)es/(c)hop/(n)o/(a)ll/(q)uit/?]
You butcher the goblin corpse.
You butcher the bat corpse.
h - 7 chunks of flesh (gained 2);
h - 8 chunks of flesh (gained 1)
You see here a club.
A kobold comes into view. It is wielding a club.
The kobold moves out of view.
The hobgoblin shouts!
You hear a shout!
The kobold shouts!
You barely miss the hobgoblin. You peck the hobgoblin.
The hobgoblin is moderately wounded.
The hobgoblin hits you with a club.
A goblin comes into view. It is wielding a dagger.
Damage: 2 (max 2)
You hit the hobgoblin but do no damage. You claw the hobgoblin.
Your peck misses the hobgoblin.
The hobgoblin is severely wounded.
The hobgoblin barely misses you.
You barely miss the hobgoblin. Your kick misses the hobgoblin.
The hobgoblin is severely wounded.
The kobold hits you with a club. The hobgoblin closely misses you.
Damage: 3 (max 3)
You completely miss the hobgoblin. Your kick misses the hobgoblin.
The hobgoblin is severely wounded.
The kobold hits you with a club. The hobgoblin hits you with a club.
Damage: 3 (max 3)
You see here a club.
You hit the hobgoblin.
The hobgoblin is heavily wounded.
The hobgoblin hits you with a club.
* * * LOW HITPOINT WARNING * * *
Damage: 2 (max 3) Unknown command.
You hit the hobgoblin but do no damage. You claw the hobgoblin.
The hobgoblin is severely wounded.
The hobgoblin hits you with a club.
* * * LOW HITPOINT WARNING * * *
Damage: 4 (max 4)
You barely miss the hobgoblin.
The hobgoblin is heavily wounded.
The hobgoblin hits you with a club.
You die...

.# ##.≈.#'.'.# ###.(.##.# .#
#.###.#.#.#..###......#.## .#
#.#<#.#.#.#..#...#..#.... .#
#.#'#.#.#.#.............. .#
##...##.#.#..##.......# # .##
#####.##.#..##.......# ...
#.## ##.##..##.....$.#....
##.#######.##...##g...........
.##.......##....@gK......#...
..#########....########..#
..............## ..#
.............## ....
############## ..... ##..##
#.. .>.


You could see a hobgoblin, a goblin and a kobold.

Vanquished Creatures
  3 bats (D:1)
  3 goblins (D:1)
  3 hobgoblins (D:1)
  2 kobolds (D:1)
  A rat (D:1)
12 creatures vanquished.

Notes
Turn   | Place    | Note
--------------------------------------------------------------
     0 | D:1      | Gorice the Tengu Wanderer began the quest for the Orb.
     0 | D:1      | Gorice set off with: a +2 dagger, a scroll of blinking, Qegiegha's Grimoire of Flying Protection, a potion of lignification {!q}, a +0 robe, a bread ration {!e}
     0 | D:1      | Reached XP level 1. HP: 12/12 MP: 4/4
     0 | D:1      | Identified Qegiegha's Grimoire of Flying Protection
   206 | D:1      | Reached skill level 2 in Fighting
   206 | D:1      | Reached XP level 2. HP: 12/17 MP: 6/6
   452 | D:1      | HP: 5/18 [hobgoblin/club (2)]
   453 | D:1      | HP: 1/18 [hobgoblin/club (4)]
   454 | D:1      | Slain by a hobgoblin

Vault maps used:
D:1:      evilmike_arrival_rings, minmay_misc_feat_enclosed, minmay_hedge_maze

Action                   || total
-------------------------++-------
Melee: Dagger            ||    34
Throw: Stone             ||    18

Table legend:
 A = Turns spent in this place as a percentage of turns spent in the entire game.
 B = Non-inter-level travel turns spent in this place as a percentage of non-inter-level travel turns spent in the entire game.
 C = Inter-level travel turns spent in this place as a percentage of turns spent in this place.
 D = Turns resting spent in this place as a percentage of non-inter-level travel turns spent in this place.
 E = Turns spent auto-exploring this place as a percentage of non-inter-level travel turns spent in this place.
 F = Non-inter-level travel turns spent in this place divided by the number of levels of this place that you've seen.
                   A       B       C       D       E      F
               +-------+-------+-------+-------+-------+----------------------
         Total | 100.0 | 100.0 |   0.0 |   0.0 |   5.3 | 226.0
       Dungeon | 100.0 | 100.0 |   0.0 |   0.0 |   5.3 | 226.0
               +-------+-------+-------+-------+-------+----------------------

Vault maps used:
D:1:      evilmike_arrival_rings, minmay_misc_feat_enclosed, minmay_hedge_maze
